Cogmind - Beta 15 @@@ ROGUE MODE // 2025.10.18 @ 16:11:28 Player: opdo Result: Destroyed by II-RSL(R) with Subdweller Laser Performance ------------- Evolutions (0) 0 Regions Visited (3) 600 Robots Destroyed (24) 120 Value Destroyed (580) 580 Prototype IDs (11) 220 Alien Tech Used (0) 0 Bonus (0) 0 TOTAL SCORE: 1520 Bonus ------- None Cogmind --------- Core Integrity 0/250 Matter 113/300 Energy 170/170 System Corruption 0% Temperature Cool (6) Movement Rolling (120) Ox1 Location -10/Subcaves Parts ------- > --- POWER (1) -------- Makeshift Power Source > --- PROPULSION (2) --- Makeshift Leg Subdweller Monowheel > --- UTILITY (2) ------ Large Storage Unit Structural Scanner > --- WEAPON (2) ------- Light Cannon Battle Cannon > --- INVENTORY (15) --- Makeshift Power Source Spiked Treads Aluminum Leg Aluminum Leg Makeshift Leg Subdweller Monowheel Large Matter Pod (150) Weapon Shielding Gun Armor Makeshift System Shield Makeshift Laser Subdweller Beam Cannon Subdweller Shrapnel Launcher Makeshift Axe Peak State ------------ > --- POWER ------------ Makeshift Power Source > --- PROPULSION ------- Makeshift Leg Makeshift Leg > --- UTILITY ---------- Large Storage Unit Structural Scanner > --- WEAPON ----------- Light Assault Rifle Makeshift Axe > --- INVENTORY -------- Light Ion Engine Makeshift Power Source Spiked Treads Aluminum Leg Aluminum Leg Wheel Large Matter Pod Weapon Shielding Makeshift System Shield Makeshift Laser Subdweller Beam Cannon Light Assault Rifle Light Cannon Subdweller Shrapnel Launcher [Rating: 21] Favorites ----------- Power Ion Engine Engine Ion Engine Propulsion Light Treads Treads Light Treads Leg Makeshift Leg Wheel Wheel Utility Large Storage Unit Device Structural Scanner Storage Large Storage Unit Protection Weapon Shielding Weapon Light Assault Rifle Ballistic Gun Light Assault Rifle Ballistic Cannon Battle Cannon Launcher Grenade Launcher Impact Weapon Hammer Slashing Weapon Makeshift Axe Build | -11 -10 -10 -10 ------- Run | Yrd Mat Min Sub Slots Evolved . | . . . . Power . | . . . . Propulsion . | . . . . Utility . | . . . . Weapon . | . . . . Parts Attached 26 | 6 3 3 14 Power 4 | 1 1 1 1 Engine 4 | 1 1 1 1 Core . | . . . . Reactor . | . . . . Propulsion 8 | 2 . . 6 Treads 2 | 2 . . . Leg 2 | . . . 2 Wheel 4 | . . . 4 Hover . | . . . . Flight . | . . . . Utility 4 | 1 2 1 . Device 1 | . . 1 . Storage 2 | 1 1 . . Processor . | . . . . Hackware . | . . . . Protection 1 | . 1 . . Artifact . | . . . . Weapon 10 | 2 . 1 7 Energy Gun . | . . . . Energy Cannon . | . . . . Ballistic Gun 4 | 2 . . 2 Ballistic Cannon 2 | . . . 2 Launcher 2 | . . . 2 Special Weapon . | . . . . Impact Weapon 1 | . . 1 . Slashing Weapon 1 | . . . 1 Piercing Weapon . | . . . . Special Melee Weapon . | . . . . Unidentified Prototypes . | . . . . Parts Lost 6 | . . . 6 Power 1 | . . . 1 Propulsion 3 | . . . 3 Utility . | . . . . Weapon 2 | . . . 2 Highest Loss Streak 3 | . . . 3 To Critical Strikes . | . . . . Average Backups 12 | 2 9 14 14 Power 1 | . 1 1 2 Propulsion 3 | 1 3 3 3 Utility 2 | . 1 3 3 Weapon 4 | . 3 6 5 Tool/Special . | . . . . Unused Backups 15 | . . . 15 Power 2 | . . . 2 Propulsion 4 | . . . 4 Utility 3 | . . . 3 Weapon 6 | . . . 6 Tool/Special . | . . . . Average Slot Usage (%) 96 | . 95 100 95 Engine 12 | . 13 14 12 Treads 17 | . 27 28 6 Leg 3 | . . . 6 Wheel 5 | . . . 12 Device 6 | . . . 14 Storage 15 | . 17 14 14 Protection 5 | . 8 13 . Ballistic Gun 17 | . 27 14 11 Ballistic Cannon 1 | . . . 4 Launcher 1 | . . . 2 Impact Weapon 4 | . . 13 3 Slashing Weapon 2 | . . . 6 Peak Build Rating 21 | 6 8 8 21 Average Rating 10 | 5 7 8 14 On Entrance 5 | . 6 8 8 Naked Turns . | . . . . Heaviest Build 33 | 13 33 29 32 Greatest Support 40 | 40 40 40 40 Greatest Overweight (x) 3 | 1 1 . 3 Average Overweight (x) . | . . . 1 Largest Inventory Capacity 15 | 8 15 15 15 Average Capacity 14 | 7 13 15 15 Most Carried 15 | 5 14 15 15 Average Carried 12 | 2 9 14 14 Final Capacity 15 | 8 15 15 15 Final Carried 15 | 5 13 15 14 Class Distribution -------------------- 74% | Mutant 16% | Derelict-Mutant 9% | Scavenger-Mutant Dominant Class ---------------- Mutant | -10/Materials Mutant | -10/Mines Mutant | -10/Subcaves Resources | -11 -10 -10 -10 ----------- Run | Yrd Mat Min Sub Matter Collected 1071 | 142 184 271 474 Remotely . | . . . . Salvage Created 615 | 30 204 221 160 Parts 32 | 3 15 5 9 Haulers Intercepted . | . . . . Recyclers Shooed 1 | . 1 . . Parts Field Recycled . | . . . . Retrieved Matter . | . . . . Parts Self-Destructed 10 | . . . 10 Prevented . | . . . . Kills | -11 -10 -10 -10 ------- Run | Yrd Mat Min Sub Combat Hostiles Destroyed 19 | . 9 2 8 Guns 13 | . 9 2 2 Cannons 2 | . . . 2 AOE 4 | . . . 4 Classes Destroyed 6 | 1 2 2 1 Worker 1 | . . 1 . Tunneler 3 | 1 . 2 . Recycler 1 | . . 1 . Swarmer 7 | . 7 . . Grunt 4 | . 2 2 . Subdweller 8 | . . . 8 Best Kill Streak 3 | 1 2 3 3 Combat Bots Only 3 | . 2 2 3 Max Kills in Single Turn 1 | 1 1 1 1 Gunslinging . | . . . . Exploded 1 | . . . 1 Melee . | . . . . Uniques/NPCs Destroyed . | . . . . Combat | -11 -10 -10 -10 -------- Run | Yrd Mat Min Sub Hostile Shots Fired 116 | . 60 6 50 Missed 40 | . 21 1 18 Hits 76 | . 39 5 32 Projectile 76 | . 39 5 32 Critical Strikes 6 | . 2 1 3 Damage Taken 1248 | . 392 76 780 Core 250 | . 56 . 194 Absorbed by Shields . | . . . . Redirected to Shielding 12 | . 12 . . Core Remaining (%) 100 | 100 . . . Volleys Fired 84 | 4 42 5 33 Largest 2 | 2 2 2 2 Hottest 73 | 40 40 40 73 Shots Fired 153 | 8 84 10 51 Gun 114 | 8 84 10 12 Cannon 21 | . . . 21 Launcher 18 | . . . 18 Special . | . . . . Kinetic 140 | 8 84 10 38 Thermal . | . . . . Explosive 13 | . . . 13 Electromagnetic . | . . . . Robot Hit Streak 22 | 7 10 6 22 Robot Miss Streak 5 | . 5 1 2 Penetration Max . | . . . . Secondary Targets 1 | . 1 . . Max Gunslinging Chain 1 | . 1 . . Shots Hit Robots 107 | 7 47 13 40 Core Hits 37 | 3 16 4 14 Critical Kills 2 | . 1 1 . Critical Parts Destroyed 2 | . 1 1 . Critical Strikes 7 | . 2 2 3 Destroy 3 | . 2 1 . Blast 3 | . . . 3 Smash 1 | . . 1 . Melee Attacks 17 | . . 5 12 Impact 12 | . . 5 7 Slashing 5 | . . . 5 Piercing . | . . . . Sneak Attacks 5 | . . 5 . Combat Hostiles . | . . . . Follow-up Attacks . | . . . . Damage Inflicted 2333 | 75 481 345 1432 Guns 729 | 75 475 89 90 Cannons 336 | . . . 336 Explosions 1006 | . . . 1006 Melee 256 | . . 256 . Ramming 6 | . 6 . . Kinetic 1339 | 75 475 89 700 Thermal . | . . . . Explosive 732 | . . . 732 Electromagnetic . | . . . . Impact 256 | . . 256 . Slashing . | . . . . Piercing . | . . . . Highest Corruption . | . . . . Average Corruption . | . . . . Corruption Purged . | . . . . Corruption Blocked . | . . . . Overload Shots . | . . . . Overflow Damage 137 | . . 137 . Projectiles . | . . . . Explosions . | . . . . Melee 137 | . . 137 . Knockbacks 2 | . . 2 . Impact 2 | . . 2 . Kinetic . | . . . . Secondary . | . . . . Self-Inflicted Damage 69 | . . . 69 Shots 3 | . . . 3 Rammed 2 | 1 1 . . Targets Rammed 2 | 1 1 . . Kicked . | . . . . Crushed . | . . . . Highest Temperature 34 | . 34 27 . Average Temperature 15 | . 16 12 . Received Heat Transfer 351 | . 144 63 144 Siege Activations . | . . . . Martial Activations . | . . . . Shielding Activations . | . . . . Robots Disrupted . | . . . . Combat Hostiles . | . . . . Robots Corrupted 3 | . . 3 . Combat Hostiles . | . . . . Parts Fried 11 | . . 11 . Impact Corruptions 7 | . . 7 . Robots Melted . | . . . . Combat Hostiles . | . . . . Parts Melted . | . . . . Heat Transferred . | . . . . Parts Sabotaged . | . . . . Parts Stolen . | . . . . Parts Stripped . | . . . . Power Chain Reactions . | . . . . Alert | -11 -10 -10 -10 ------- Run | Yrd Mat Min Sub Maximum Alert Level . | . . . . Low Security (%) 100 | 100 100 100 . Level 1 . | . . . . Level 2 . | . . . . Level 3 . | . . . . Level 4 . | . . . . Level 5 . | . . . . High Security . | . . . . Max Security . | . . . . Peak Influence 160 | 5 160 59 . Initial 9 | . . 9 . Average 44 | . 72 10 . Influence Increases 405 | 5 324 76 . Destroy 0b10 Robot/C 220 | . 180 40 . Destroy 0b10 Robot/NC 25 | 5 . 20 . Destroy Leader 50 | . 40 10 . Successful Hack 20 | . 14 6 . Lose Combat Pursuer 90 | . 90 . . Influence Decreases 405 | 5 300 100 . Entered New Map 15 | . . 15 . Time Decay 390 | 5 300 85 . Squads Dispatched 2 | . 2 . . Investigation . | . . . . Extermination . | . . . . Reinforcement 2 | . 2 . . Assault . | . . . . Garrison . | . . . . Intercept . | . . . . Searches Triggered . | . . . . Construction Impeded . | . . . . Haulers Reinforced . | . . . . Active Scanning Responses . | . . . . Cargo Convoy Interrupts . | . . . . Stealth | -11 -10 -10 -10 --------- Run | Yrd Mat Min Sub Distress Signals . | . . . . Communications Jammed . | . . . . Distress Signals . | . . . . Times Spotted 34 | . 23 1 10 Peak Tracking Total 4 | . 4 1 3 Tactical Retreats 4 | . 4 . . Traps | -11 -10 -10 -10 ------- Run | Yrd Mat Min Sub Traps Triggered 4 | . 4 . . Indirectly . | . . . . Trap Hack Attempts . | . . . . Triggered . | . . . . Disarmed . | . . . . Reprogrammed . | . . . . Reused . | . . . . Traps Extracted . | . . . . Installed . | . . . . Triggered . | . . . . Machines | -11 -10 -10 -10 ---------- Run | Yrd Mat Min Sub Machines Disabled 1 | . . . 1 Max in Single Turn 1 | . . . 1 Machines Repaired . | . . . . Machines Dismantled . | . . . . Machines Sabotaged . | . . . . Overloaded Fab Kills . | . . . . Hacking | -11 -10 -10 -10 --------- Run | Yrd Mat Min Sub Machines Accessed 5 | . 3 1 1 Terminals 4 | . 3 1 . Fabricators . | . . . . Repair Stations . | . . . . Recycling Units . | . . . . Scanalyzers . | . . . . Garrison Access . | . . . . Total Hacks 12 | . 7 4 1 Successful 8 | . 5 2 1 Failed 4 | . 2 2 . Catastrophic . | . . . . Database Lockouts . | . . . . Manual 8 | . 6 2 . Terminals 11 | . 7 4 . Fabricators . | . . . . Repair Stations . | . . . . Recycling Units . | . . . . Scanalyzers . | . . . . Garrison Access . | . . . . Terminal Hacks 4 | . 1 2 1 Terminal Index 1 | . 1 . . Patrol Status 1 | . . 1 . Zone Layout 1 | . . 1 . Proto ID Catalog 1 | . . . 1 Fabricator Hacks . | . . . . Repair Station Hacks . | . . . . Recycling Unit Hacks . | . . . . Scanalyzer . | . . . . Garrison Access Hacks . | . . . . Unauthorized Hacks 4 | . 4 . . Terminals 4 | . 4 . . Botnet 1 | . 1 . . Skim 3 | . 3 . . Fabricators . | . . . . Repair Stations . | . . . . Recycling Units . | . . . . Scanalyzers . | . . . . Garrison Access . | . . . . Data Cores Recovered . | . . . . Used . | . . . . Hacking Detections 4 | . 3 1 . Full Trace Events . | . . . . Feedback Events . | . . . . Feedback Blocked . | . . . . Robot Schematics Acquired . | . . . . Robots Built . | . . . . Authchips . | . . . . Time . | . . . . Total Robot Build Rating . | . . . . Part Schematics Acquired . | . . . . Parts Built . | . . . . Authchips . | . . . . Time . | . . . . Total Part Build Rating . | . . . . Parts Repaired . | . . . . Time . | . . . . Parts Recycled . | . . . . Recycled Matter . | . . . . Retrieved Matter . | . . . . Retrieved Components . | . . . . Parts Scanalyzed . | . . . . Part Schematics Acquired . | . . . . Parts Damaged . | . . . . Bothacking | -11 -10 -10 -10 ------------ Run | Yrd Mat Min Sub Used RIF Installer . | . . . . Robots Hacked . | . . . . Non-combat . | . . . . Combat . | . . . . Robot Hacks Applied . | . . . . Relay Couplers Released . | . . . . Fabnet Peak Effective % . | . . . . Robots Rewired . | . . . . Allies Hacked . | . . . . Hacks Repelled . | . . . . Allies | -11 -10 -10 -10 -------- Run | Yrd Mat Min Sub Total Allies 3 | . . 3 . Largest Group 3 | . . 3 3 Highest-Rated Group 40 | . . 40 40 Highest-Rated Ally 16 | . . 16 16 Total Orders . | . . . . Ally Attacks 12 | . . . 12 Total Damage . | . . . . Kills . | . . . . Allies Corrupted . | . . . . Allies Melted . | . . . . Intel | -11 -10 -10 -10 ------- Run | Yrd Mat Min Sub Active Infowar (turns) 1086 | . . 16 1070 Structural 1086 | . . 16 1070 Robot Analysis Total . | . . . . Derelict Logs Recovered 3 | . . 2 1 Drone Launches . | . . . . Drone Recoveries . | . . . . Exploration | -11 -10 -10 -10 ------------- Run | Yrd Mat Min Sub Turns Passed 2382 | 113 735 464 1070 Spaces Moved 1416 | 57 366 261 732 Core 4 | 4 . . . Treads 812 | 53 366 261 132 Legs . | . . . . Wheels 600 | . . . 600 Hover . | . . . . Flight . | . . . . Fastest Speed 50 | 50 160 160 107 Average Speed 141 | 154 160 160 123 Slowest Speed 240 | 160 240 160 160 Overloaded Moves . | . . . . Propulsion Burnouts . | . . . . Robots Hopped . | . . . . Potential Cave-ins . | . . . . Cave-ins Triggered . | . . . . Exploration Rate (%) 43 | 4 73 51 46 Regions Visited 3 Branch Regions 2 Pre-discovered Areas . | . . . . Known Exits Taken . | . . . . Unknown Exits Taken 3 | 1 1 1 . Scrap Searched 6 | . . 1 5 Spaces Dug . | . . . . Terrain Destroyed 105 | . . . 105 Melee . | . . . . Projectile . | . . . . AOE 105 | . . . 105 Terrain Rammed . | . . . . Walls Destroyed . | . . . . Machines Disabled . | . . . . Actions | -11 -10 -10 -10 --------- Run | Yrd Mat Min Sub Total 1624 | 72 432 288 832 Wait 26 | . 3 14 9 Move 1413 | 56 365 260 732 Hop . | . . . . Pick Up 29 | 5 9 1 14 Fast Attach 17 | 6 9 . 2 Attach 6 | . 2 . 4 Detach 1 | . 1 . . Swap 16 | . . 3 13 Drop 13 | . . . 13 Fire 84 | 4 42 5 33 Melee 17 | . . 5 12 Ram . | . . . . Kick . | . . . . Crush 2 | 1 1 . . Escape Stasis . | . . . . Rewire . | . . . . Trap . | . . . . Miscellaneous . | . . . . Route ------- -11/Scrapyard -10/Materials (discovered 2 exits: [*Mat] / *Min) -10/Mines (discovered 2 exits: [Mat] / *Sub) -10/Subcaves (discovered 1 exit: [*Mat]) History --------- Turn | Location | Event 4 | -11/Scrapyard | Discovered new exit (range 16) 114 | -11/Scrapyard | Entered Materials 313 | -10/Materials | Build established: Mutant 505 | -10/Materials | Discovered new exit (range 5) 607 | -10/Materials | Discovered new exit (range 7) 849 | -10/Materials | Entered Mines 896 | -10/Mines | Discovered new exit (range 13) 981 | -10/Mines | Assisted by bots powering up and referring to "LRC-V3" 1164 | -10/Mines | Deemed a non-threat by the Exiles lab entrance 1288 | -10/Mines | Discovered new exit (range 6) 1313 | -10/Mines | Entered Subcaves 1313 | -10/Subcaves | Accompanied by 3 allies 1314 | -10/Subcaves | Approached by a straggling Scientist 1387 | -10/Subcaves | A swath of the cavern ceiling suddenly collapsed 1564 | -10/Subcaves | Ambushed by Subdweller buried in earth 1589 | -10/Subcaves | Lost 4 allies 1627 | -10/Subcaves | Shifting Twisted Machinery released Sub. Shrapnel Launcher 1658 | -10/Subcaves | Learned 4 Materials zone layouts 1696 | -10/Subcaves | Core integrity fell below 50% 1730 | -10/Subcaves | Lost 3 parts (1p1n1w) 1752 | -10/Subcaves | Discovered new exit (range 9) 1761 | -10/Subcaves | Shifting Twisted Machinery released Spk. Treads 1936 | -10/Subcaves | Visited 4L-MR0's lab 1949 | -10/Subcaves | Found Gun Armor 2112 | -10/Subcaves | A swath of the cavern ceiling suddenly collapsed 2268 | -10/Subcaves | Build established: Derelict-Mutant 2359 | -10/Subcaves | Ambushed by Subdweller buried in earth 2363 | -10/Subcaves | Core integrity fell below 20% 2383 | -10/Subcaves | Destroyed by II-RSL(R) with Subdweller Laser Last Messages --------------- 02153_ 19-ISX(R) Sub. Monowheel blasted off. 02156_ 19-ISX(R) destroyed. 02160_ Acquired 8 matter. 02165_ Acquired 42 matter. 02168_ Dropped Lgt. Ion Engine. 02168_ Acquired Wheel. 02184_ Dropped Wheel. 02186_ Subatomizers dissect the Ion Engine. 02188_ Acquired 42 matter. 02190_ Dropped Wheel. 02190_ Acquired Sub. Monowheel. 02192_ Acquired 2 matter. 02209_ Acquired 4 matter. 02317_ Sub. Monowheel shoots sparks and powers down. 02360_ II-RSL(R): "ARGHSUB!" 02364_ Sub. Machine Gun destroyed. 02365_ 24-JPZ(R) destroyed. 02369_ KQ-8DP(R) destroyed. 02373_ II-RSL(R) Sub. Power Source blasted off. Map ----- +----------------------------------------------------+ | ?#####???????????????????### ###?????????#####??? | | ?????????????????????????## ##?????????#####??? | | ?????????????????????????## ##????????????????? | | ?????????????????????????### ####???????????????? | | ?????????????????????????## ###???????????????? | | ???????????????????????##### ##???????????????? | | ??????????????????????######## ##???????????????? | | ?????????????????????#### ### ###??????????????? | | ????????????????????#### #####????????????? | | ????????????????????### #####???????????? | | ????????????????????## ## ###???????????? | | ????????????????????## ## ##???????????? | | ????????????????????### ####???????????? | | ?????????????????????## ####???????????? | | ?????????????????????## ##?????????????? | | ?????????????????????### ## ##?????????????? | | ?????????????????????### ### ##?????????????? | | ?????????????????????## #### ##?????????????? | | ?????????????????????## ########?????????????? | | ?????????????????????### ############?????????? | | ?????????????????????### #########;;#?????????? | | ????????????????????###; ### ; ;; ?????????? | | ????????????????????#### %### ?????????? | | ????????????????????## ;R ????????? | | ?????????????????????###; %& ????????? | | ?????????????????????###%@ ; ????????? | | ?????????????????????##; # ?????????? | | ?????????????????????##; # ?????????? | | ?????????????????????###; ##?????????? | | ?????????????????????#### ; ; ##?????????? | | ??????????????????????### ""#;# ;;;; ##?????????? | | ???????????????????????## ##########?????????? | | ???????????????????????# ## "##########?????????? | | ???????????????????????#### "###?????????????????? | | ???????????????????????###?"" #??????????????????? | | ???????????????????????????" ????????????????????? | | ?????????????????????????????????????????????????? | | ?????????????????????????????????????????????????? | | ?????????????????????????????????????????????????? | | ?????????????????????????????????????????????????? | | ?????????????????????????????????????????????????? | | ?????????????????????????????????????????????????? | | ?????????????????????????????????????????????????? | | ?????????????????????????????????????????????????? | | ?????????????????????????????????????????????????? | | ?????????????????????????????????????????????????? | | ?????????????????????????????????????????????????? | | ?????????????????????????????????????????????????? | | ?????????????????????????????????????????????????? | | ?????????????????????????????????????????????????? | +----------------------------------------------------+ Best States ------------- Heat Dissipation 25 Energy Generation 15 Energy Capacity 250 Matter Stores 300 Matter Capacity 300 Sight Range 16 Terrain Scan Density 10 Weapon Shielding 33 Evasion (%) 40 Recoil Reduction 2 Item Schematics ----------------- None Robot Schematics ------------------ None Fabricated ------------ Nothing Repaired ---------- Nothing Alien Tech Used ----------------- None Achievements -------------- None Challenges ------------ None Game ------ Seed NetworkArmoredClaymores Manual? 0 Play Time 00:14:12 Cumulative 105.4 hours Start 2025.10.18 @ 15:46:35 End 2025.10.18 @ 16:11:28 Sessions 1 Manual Loads 0 Difficulty Rogue Special Mode None Game No. 287 Rogue 285 Adventurer 2 Explorer 0 Win Type - Total 1 Types 1/0/0/0/0/0/0/0/0/0 Lore% 76 Gallery% 60 Achievement% 51 Wizard Run 0 Options --------- Layout 2 ASCII 0 Keyboard 0 Movement Numpad Keybinds 0 Fullscreen 2 Font 24/Smallcaps Map View 50x44 Zoom Use 0% Tactical HUD 1 Map Filters NONE Filters NONE Steam 1 RUN: 3f77766e-f1c5-46b2-958c-ad954d9c6cf9